 Dungeon Crawl Stone Soup version 0.29.1-15-g9cfb28693d (webtiles) character file.

Game seed: 203622549115604872

493693 FexLirch the Shatterer (level 26, -7/195 (226) HPs)
             Began as a Formicid Abyssal Knight on Feb 21, 2023.
             Was the Champion of Lugonu.
             Killed from afar by an eidolon (31 damage)
             ... with a bolt of negative energy
             ... on level 3 of the Abyss on Feb 22, 2023.
             The game lasted 04:11:09 (52808 turns).

FexLirch the Shatterer (Formicid Abyssal Knight)   Turns: 52808, Time: 04:11:09

HP:   -7/195 (226)  AC: 32    Str: 29      XL:     26   Next: 35%
MP:   34/34         EV: 13    Int: 18 (19) God:    Lugonu [******]
Gold: 5332          SH:  0    Dex: 14      Spells: 24/29 levels left

rFire   + + +      SeeInvis +   w - +7 giant spiked club of Floods {vamp, rF++}
rCold   + + .      Faith    .   (shield currently unavailable)
rNeg    . . .      Spirit   .   o - +8 orange crystal plate armour {Archmagi, Int+3 Clar}
rPois   +          Reflect  .   (helmet unavailable)
rElec   +          Harm     .   z - scarf {rC+ rF+}
rCorr   .          Rampage  +   F - +2 pair of gloves of the Endless Expanse {rPois rC+ Int+6 Slay+2}
Will    +++..      Archmagi +   h - +0 pair of boots of the Blind Marksman {Rampage Stlth+}
Stlth   .......... Clarity  +   S - amulet of regeneration
HPRegen 1.22/turn               g - ring of Dear {rElec rPois Will+}
MPRegen 0.24/turn               G - ring "Yvuec" {+Blink EV+4 Str+3}

@: studying Air Magic, heavily drained
A: permanent stasis, dig shafts and tunnels, antennae 3, four strong arms,
talons 1, deformed body, low MP 1, poison resistance, [dopey 1], [screaming 1],
[weak 1], [no potion heal 1]
}: 2/15 runes: decaying, serpentine
a: Dig, Shaft Self, Renounce Religion, Depart the Abyss, Bend Space, Banish,
Corrupt, Enter the Abyss, Brand Weapon With Distortion


You were on level 3 of the Abyss.
You worshipped Lugonu.
Lugonu was exalted by your worship.
You visited 9 branches of the dungeon, and saw 42 of its levels.
You visited the Abyss 3 times.
You also visited: Ice Cave and Desolation.

You collected 6958 gold pieces.
You spent 1626 gold pieces at shops.

Inventory:

Hand Weapons
 i - the +9 staff of Olgreb {rPois∞}
   (You found it on level 2 of the Swamp)

   If the wielder is skilled in Evocations, they can envenom those struck by it,
   dealing poison damage which bypasses armour.
   It enhances your poison magic.
   It grants immunity to poison.
   It can be activated via the 'a'bility menu to radiate toxic energy, with
   effectiveness depending on Evocations skill.
 t - a +4 vampiric executioner's axe
 v - the +11 shortbow of the Unseen Realm {vorpal, Dex+2 SInv}
   (You found it on level 5 of the Lair of Beasts)

   Any ammunition fired from it inflicts extra damage upon your enemies.
   Dex:       It affects your dexterity (+2).
   SInv:      It lets you see invisible.
 w - the +7 giant spiked club of Floods (weapon) {vamp, rF++}
   (You acquired it on level 3 of the Lair of Beasts)

   It occasionally heals its wielder for a portion of the damage dealt when it
   wounds a living foe.
   rF:        It greatly protects you from fire.
 O - a +7 vorpal giant club
Missiles
 d - 11 javelins (quivered)
 l - 64 poisoned darts
 q - 16 atropa-tipped darts
Armour
 h - the +0 pair of boots of the Blind Marksman (worn) {Rampage Stlth+}
   (You acquired it on level 4 of the Swamp)

   Rampage:   It bestows one free step when moving towards enemies.
   Stlth:     It makes you more stealthy.
 o - the +8 orange crystal plate armour (worn) {Archmagi, Int+3 Clar}
   (You found it in the Desolation of Salt)

   Int:       It affects your intelligence (+3).
   Clar:      It protects you against confusion.
 z - a scarf of resistance (worn)
 F - the +2 pair of gloves of the Endless Expanse (worn) {rPois rC+ Int+6 Slay+2}
   (You acquired it on level 2 of the Orcish Mines)

   Int:       It affects your intelligence (+6).
   Slay:      It affects your accuracy & damage with ranged weapons and melee
   (+2).
   rC:        It protects you from cold.
   rPois:     It protects you from poison.
Jewellery
 b - an amulet of reflection
 g - the ring of Dear (left hand) {rElec rPois Will+}
   (You found it on level 11 of the Dungeon)

   [ring of poison resistance]

   rElec:     It insulates you from electricity.
   rPois:     It protects you from poison.
   Will:      It increases your willpower.
 m - a ring of protection from fire
 A - a ring of resist corrosion
 G - the ring "Yvuec" (right hand) {+Blink EV+4 Str+3}
   (You took it off a wizard on level 11 of the Dungeon)

   [ring of evasion]

   EV:        It affects your evasion (+4).
   Str:       It affects your strength (+3).
   +Blink:    It lets you blink.
 K - a ring of willpower
 R - a ring of flight
 S - an amulet of regeneration (around neck)
Wands
 a - a wand of digging (7)
 k - a wand of mindburst (29)
 r - a wand of flame (34)
 u - a wand of paralysis (16)
 x - a wand of roots (13)
 V - a wand of quicksilver (29)
Scrolls
 c - 8 scrolls of enchant armour
 e - 6 scrolls of silence
 f - 9 scrolls of magic mapping
 p - 7 scrolls of poison
 D - 11 scrolls of noise
 J - 7 scrolls of immolation
 U - 3 scrolls of torment
 W - 16 scrolls of fear
 X - a scroll of brand weapon
 Y - 3 scrolls of fog
 Z - 5 scrolls of summoning
Potions
 j - 19 potions of curing
 n - 8 potions of attraction
 s - 6 potions of resistance
 y - 11 potions of might
 B - 9 potions of ambrosia
 C - 8 potions of flight
 E - 8 potions of heal wounds
 H - 4 potions of magic
 I - 7 potions of cancellation
 L - 8 potions of lignification
 P - 3 potions of invisibility
 Q - 8 potions of mutation
 T - 3 potions of brilliance
Miscellaneous
 M - a lightning rod (4/4)
 N - a phantom mirror


   Skills:
 + Level 22.7 Fighting
 + Level 25.0 Maces & Flails
 - Level 10.1 Ranged Weapons
 - Level 3.0 Throwing
 + Level 18.0 Armour
 - Level 7.0 Dodging
 - Level 2.0 Spellcasting
 + Level 2.3 Translocations
 - Level 12.8 Transmutations
 + Level 22.6 Invocations
 + Level 11.5 Evocations


You had 24 spell levels left.
You knew the following spells:

 Your Spells              Type           Power      Damage    Failure   Level
a - Apportation           Tloc           30%        N/A       65%         1
b - Wereblood             Tmut           64%        N/A       1%          2
c - Sublimation of Blood  Necr           2%         N/A       98%         2

Your spell library contained the following spells:

 Spells                   Type           Power      Damage    Failure   Level
 Spider Form              Tmut/Pois      37%        N/A       45%         3
 Ignite Poison            Fire/Tmut/Pois 25%        N/A       77%         3
 Petrify                  Tmut/Erth      37%        N/A       86%         4
 Foxfire                  Conj/Fire      8%         2x1d4     93%         1
 Freeze                   Ice            8%         1d3       93%         1
 Necrotise                Necr           8%         1d4       93%         1
 Summon Small Mammal      Summ           8%         N/A       93%         1
 Gell's Gravitas          Tloc           15%        N/A       95%         3
 Lesser Beckoning         Tloc           15%        N/A       95%         3
 Teleport Other           Tloc           15%        N/A       95%         3
 Call Imp                 Summ           2%         N/A       98%         2
 Ensorcelled Hibernation  Hex/Ice        4%         N/A       98%         2
 Scorch                   Fire           4%         2d5       98%         2
 Alistair's Intoxication  Tmut/Pois      24%        N/A       99%         5
 Yara's Violent Unravell  Hex/Tmut       18%        3d9       99%         5
 Confusing Touch          Hex            2%         N/A       100%        3
 Conjure Flame            Conj/Fire      2%         6-21      100%        3
 Dazzling Flash           Conj/Hex       4%         N/A       100%        3
 Inner Flame              Hex/Fire       2%         N/A       100%        3
 Mephitic Cloud           Conj/Pois/Air  2%         N/A       100%        3
 Ozocubu's Armour         Ice            2%         N/A       100%        3
 Tukima's Dance           Hex            2%         N/A       100%        3
 Vampiric Draining        Necr           2%         2d6       100%        3
 Anguish                  Hex/Necr       1%         N/A       100%        4
 Animate Armour           Summ/Erth      4%         N/A       100%        4
 Corpse Rot               Necr/Pois/Air  2%         N/A       100%        4
 Dispel Undead            Necr           2%         3d7       100%        4
 Flame Wave               Conj/Fire      2%         2d4       100%        4
 Fulminant Prism          Conj/Hex       1%         3d6       100%        4
 Iskenderun's Mystic Bla  Conj/Tloc      9%         2d4       100%        4
 Leda's Liquefaction      Hex/Erth       1%         N/A       100%        4
 Passage of Golubria      Tloc           15%        N/A       100%        4
 Sticky Flame             Conj/Fire      2%         2d3       100%        4
 Summon Lightning Spire   Summ/Air       2%         N/A       100%        4
 Agony                    Necr           2%         N/A       100%        5
 Borgnjor's Vile Clutch   Necr/Erth      1%         N/A       100%        5
 Fireball                 Conj/Fire      1%         3d3       100%        5
 Freezing Cloud           Conj/Ice/Air   1%         6-21      100%        5
 Iskenderun's Battlesphe  Conj           2%         2d6       100%        5
 Lee's Rapid Deconstruct  Erth           1%         3d5*      100%        5
 Metabolic Englaciation   Hex/Ice        1%         N/A       100%        5
 Conjure Ball Lightning   Conj/Air       1%         3x3d6     100%        6
 Death Channel            Necr           1%         N/A       100%        6
 Dispersal                Tloc           7%         N/A       100%        6
 Eringya's Noxious Bog    Tmut/Pois      18%        N/A       100%        6
 Iron Shot                Conj/Erth      1%         9d1       100%        6
 Simulacrum               Ice/Necr       1%         N/A       100%        6
 Starburst                Conj/Fire      1%         6d3       100%        6
 Statue Form              Tmut/Erth      24%        N/A       100%        6
 Summon Cactus Giant      Summ           1%         N/A       100%        6
 Enfeeble                 Hex            1%         N/A       100%        7
 Orb of Destruction       Conj           1%         9d5       100%        7
 Spellforged Servitor     Conj/Summ      1%         N/A       100%        7
 Storm Form               Tmut/Air       18%        N/A       100%        7
 Summon Hydra             Summ           1%         N/A       100%        7
 Disjunction              Tloc           7%         N/A       100%        8
 Ignition                 Fire           1%         3d3       100%        8
 Maxwell's Capacitive Co  Air            1%         ∞         100%        8
 Chain Lightning          Conj/Air       1%         3d1       100%        9
 Dragon's Call            Summ           1%         N/A       100%        9
 Fire Storm               Conj/Fire      1%         7d1       100%        9
 Polar Vortex             Ice            1%         N/A       100%        9


Dungeon Overview and Level Annotations

Branches:
Dungeon (15/15)            Temple (0/1) D:4            Lair (5/5) D:8
  Swamp (4/4) Lair:2        Snake (4/4) Lair:3        Slime (0/5) Lair:5
    Orc (2/2) D:10            Elf (3/3) Orc:2        Vaults (4/5) D:13
  Crypt (1/3) Vaults:2     Depths (4/4) D:15            Zot (0/5) Depths:4
  IceCv (visited)         Desolation (visited)

Altars:
Dithmenos
Elyvilon
Fedhas
Gozag
Kikubaaqudgha
Makhleb
Sif Muna
Trog
Uskayaw
Vehumet
Wu Jian
Yredelemnul
Zin
Jiyva

Shops:
D:3 ?   Orc:1 *   Orc:2 (**?   Elf:1 (   Elf:2 :[:!(   Elf:3 *!*(*   Snake:1 (
Snake:2 =   Snake:3 =   Vaults:2 (   Depths:1 [

Portals:
Hell: Depths:1 Depths:2 Depths:3 Depths:4
Abyss: Depths:3
Pandemonium: Depths:2
Ziggurat: Depths:2

Annotations:
Swamp:1 corrupted
Swamp:4 corrupted
Elf:3 corrupted
Crypt:1 Mennas
Abyss:1 Amaemon, Azrael


Innate Abilities, Weirdness & Mutations

You cannot be hasted, slowed, berserked, paralysed or teleported.
You can dig through walls and to a lower floor.
You have a pair of large antennae on your head. (SInv)
Your four strong arms can wield two-handed weapons with a shield.
You have sharp toenails.
Armour fits poorly on your strangely shaped body.
Your magical capacity is low. (-10% MP)
Your system is resistant to poisons. (rPois)
[You are dopey. (Int -2)]
[You occasionally shout uncontrollably at your foes.]
[You are weak. (Str -2)]
[Potions are less effective at restoring your health.]


Message History

The eidolon stares piercingly at you. The bolt of negative energy hits you!!
You feel drained.
* * * LOW HITPOINT WARNING * * *
You see here a shapeshifter corpse.
You bludgeon the eidolon!!
The eidolon is moderately damaged.
The starcursed mass touches you but does no damage.
You pound the starcursed mass like an anvil!!!
The starcursed mass is heavily damaged.
You hear a chilling moan.
The eidolon hits you but does no damage.
The eidolon hits you!
* * * LOW HITPOINT WARNING * * *
You stick the starcursed mass like a pincushion!!!
The starcursed mass is severely damaged.
A starcursed mass splits.
A chorus of shrieks assaults your mind.
* * * LOW HITPOINT WARNING * * *
The eidolon closely misses you. x2
You flatten the starcursed mass like a pancake!!!
You destroy the starcursed mass!
An eidolon comes into view.
The eidolon stares piercingly at you. The bolt of negative energy hits you!!
You feel drained.
* * * LOW HITPOINT WARNING * * *
You feel your intelligence returning.
Your system partially rejects the healing.
You feel much better.
A starcursed mass splits.
The eidolon hits you!
* * * LOW HITPOINT WARNING * * *
The eidolon drains your vigour!
Your stasis prevents you from being slowed.
The eidolon hits you but does no damage.
Your system partially rejects the healing.
You feel much better. A chorus of shrieks assaults your mind.
* * * LOW HITPOINT WARNING * * *
The starcursed mass touches you but does no damage.
The eidolon stares piercingly at you. The bolt of negative energy hits you!!
You feel drained.
You die...

{ { { ## ## #
{{# .# .. # .
{##X..#.#..#
...###.##∩...#
{
#.'.∩.#...###
. . .#(@### .
..{##WX.# #.#
# ##X#... # .{
..##W..## .#
..# # X .# .#
. #.# # .# # .
.


You could see 2 starcursed masses and 2 eidola.

Vanquished Creatures
  A juggernaut (Depths:4)
  the Lernaean hydra (Swamp:4)
  Bai Suzhen (Abyss:2)
  5 shard shrikes (Depths:3)
  3 golden dragons
  4 iron giants (Depths:3)
  3 tentacled monstrosities (Depths:4)
  A hellephant (Depths:3)
  A quicksilver dragon (Depths:4)
  An Executioner (Abyss:3)
  3 liches
  A deep elf blademaster (Elf:2)
  A deep elf master archer (Elf:3)
  2 tentacled starspawn (Abyss:3)
  A shadow dragon (shapeshifter) (D:11)
  2 thorn hunters (Swamp:2)
  3 tengu reavers
  5 draconian monks
  2 sphinxes
  5 storm dragons
  8 frost giants
  15 nagarajas
  3 revenants
  13 fire giants
  10 vault wardens
  2 imperial myrmidons
  2 iron dragons
  2 orc warlords
  6 deep elf sorcerers
  The ghost of esper6 the Thaumaturge, a journeyman GnNe of Cheibriados (Swamp:2)
  3 cacodemons (Abyss:3)
  4 ghouls
  2 deep elf elementalists (Elf:3)
  A balrug (Depths:4)
  A draconian shifter (Depths:4)
  17 ironbound preservers
  3 war gargoyles
  2 draconian annihilators (Depths:4)
  29 very ugly things
  A caustic shrike skeleton (Depths:1)
  16 stone giants
  7 green draconians (Depths:4)
  8 ironbound thunderhulks
  An eleionoma (Swamp:2)
  Nessos (D:15)
  3 black draconians
  3 entropy weavers (Vaults:2)
  A vampire knight (Depths:2)
  5 red draconians (Depths:4)
  3 bunyips
  6 deep elf demonologists
  A halazid warlock (Desolation)
  11 dire elephants
  9 deep elf annihilators
  11 purple draconians (Depths:4)
  6 white draconians
  3 spark wasps (Depths:2)
  Snorg (D:13)
  An eidolon (Vaults:2)
  A merfolk javelineer (Depths:4)
  A crystal guardian (Vaults:3)
  An ettin (Depths:2)
  3 deep elf death magi (Elf:3)
  7 great orbs of eyes
  3 deep elf high priests
  A shambling mangrove (Swamp:3)
  7 ragged hierophants
  10 fire dragons
  13 yaktaur captains
  2 salamander tyrants (Snake:4)
  7 rakshasas
  An ogre mage (D:15)
  5 ice dragons
  6 boulder beetles
  4 vault guards
  17 hydras
  2 ghost crabs (Swamp:3)
  6 peacekeepers
  3 spriggan air magi (Depths:2)
  Erolcha (D:9)
  2 servants of whispers (Desolation)
  A hell beast (Depths:2)
  A spriggan skeleton (Depths:2)
  3 catoblepae
  12 ironbound frosthearts
  The ghost of hawla the Thaumaturge, a journeyman MeIE of Vehumet (Lair:2)
  15 two-headed ogres
  4 anacondas
  4 tengu warriors
  4 centaur warriors
  13 naga warriors
  32 dancing weapons
  3 deep troll shamans
  7 alligators
  A hell hog (Depths:2)
  5 orc high priests (Orc:2)
  A titan zombie (Depths:1)
  11 naga sharpshooters
  12 death yaks
  6 spriggan berserkers
  3 deep troll earth magi (Depths:1)
  A soul eater (Depths:4)
  16 hell knights
  6 shock serpents
  2 wretched stars (Abyss:3)
  9 sun demons
  6 iron trolls (Depths:1)
  10 deep elf knights
  2 salamander mystics
  10 skeletal warriors
  A storm dragon skeleton (Depths:2)
  32 deep trolls
  9 glowing orange brains
  3 spriggan druids
  8 goliath frogs
  3 death drakes
  2 flayed ghosts
  31 large abominations
  7 bog bodies
  2 phantasmal warriors
  17 wizards
  8 naga ritualists
  9 orc knights
  9 deep elf archers
  25 deep elf pyromancers
  19 ironbound convokers
  14 mana vipers
  8 swamp dragons
  14 lindwurms
  50 ugly things
  A shining eye (Depths:2)
  A wolf spider (Lair:5)
  7 necromancers
  21 deep elf zephyrmancers
  4 will-o-the-wisps
  3 orc sorcerers
  8 cyclopes
  3 oklob plants (Lair:1)
  6 manticores
  18 vault sentinels
  Maurice (D:9)
  A titan simulacrum (Depths:2)
  26 black mambas
  15 salamanders
  A rust devil (Depths:2)
  2 centaur zombies (D:15)
  22 elephants
  15 naga magi
  A smoke demon (Depths:4)
  2 eyes of devastation (Depths:2)
  A cane toad (shapeshifter) (Abyss:2)
  6 guardian serpents
  An orange demon (D:9)
  An ice statue (IceCv)
  2 molten gargoyles
  4 gargoyles
  14 cane toads
  11 rime drakes
  2 centaur skeletons (D:15)
  7 komodo dragons
  22 yaktaurs
  An unseen horror zombie (D:8)
  7 tengu conjurers
  2 efreet
  3 freezing wraiths
  A komodo dragon (shapeshifter) (Elf:2)
  A queen bee (shapeshifter) (D:15)
  6 ancient zymes
  2 hellwings
  A harpy zombie (D:15)
  6 trolls
  2 bloated husks
  10 polar bears
  A wolf spider simulacrum (D:15)
  8 tyrant leeches
  25 blink frogs
  6 hornets
  27 saltlings (Desolation)
  33 slime creatures
  3 tarantellas (Vaults:2)
  2 raiju (Abyss:2)
  7 dream sheep (Lair:5)
  3 centaur simulacra (D:13)
  2 flying skulls (Abyss:3)
  4 air elementals
  4 ynoxinuls
  3 shadows
  4 starcursed masses
  57 yaks
  9 spriggans
  5 fire elementals (D:13)
  9 water elementals
  4 wraiths
  5 wyverns
  A yak (shapeshifter) (D:11)
  3 fire bats (Depths:1)
  15 vampire mosquitoes
  3 chaos spawn
  The ghost of fitz the Chopper, an amateur FoFi (D:4)
  2 basilisks (D:8)
  4 steam dragons
  2 redbacks (Vaults:2)
  A neqoxec (Abyss:3)
  8 swamp worms
  5 wargs
  10 small abominations (Abyss:3)
  2 acid dragons
  A harpy simulacrum (Abyss:3)
  25 nagas
  6 water moccasins
  A floating eye (Lair:1)
  A glowing shapeshifter skeleton (Depths:1)
  A sky beast (D:8)
  34 orc warriors
  2 black bears
  2 swamp drakes (Swamp:2)
  7 ice beasts
  9 ogres
  A tengu (shapeshifter) (Abyss:3)
  21 wolves
  5 centaurs
  7 bullfrogs
  5 kobold brigands
  A necrophage (D:7)
  4 scorpions
  2 earth elementals
  12 wights
  14 killer bees
  2 electric eels (D:13)
  A lava snake (Depths:1)
  3 hounds
  31 orc priests
  2 jellies
  A gnoll bouda (Orc:2)
  23 orc wizards
  4 iguanas
  A howler monkey zombie (D:8)
  3 gnolls (Orc:2)
  6 adders
  3 shadow imps
  16 white imps
  3 ufetubi (D:4)
  2 worms
  3 dart slugs
  86 orcs
  3 ball pythons
  3 endoplasms
  A giant cockroach (D:4)
  4 goblins
  8 hobgoblins
  5 jackals
  2 quokkas
  9 bats
  3 frilled lizards (D:1)
  30 kobolds
  2 rats (D:1)
  A fire vortex (Depths:1)
1814 creatures vanquished.

Vanquished Creatures (others)
  Nikola (Swamp:4)
  A deep elf master archer (Elf:3)
  2 deep elf blademasters (Elf:3)
  A fire giant (Depths:3)
  3 deep elf sorcerers (Elf:3)
  2 deep elf elementalists (Elf:3)
  An eleionoma (Swamp:1)
  A deep elf annihilator (Elf:3)
  2 deep elf demonologists (Elf:3)
  2 bunyips
  6 deep elf death magi (Elf:3)
  A deep elf high priest (Elf:3)
  8 hydras
  4 alligators
  2 deep elf knights
  3 goliath frogs (Swamp:1)
  A spriggan druid (Swamp:1)
  6 bog bodies (Swamp:4)
  6 swamp dragons
  A deep elf pyromancer (Elf:3)
  6 deep elf zephyrmancers
  A will-o-the-wisp (Swamp:4)
  3 bloated husks
  3 tyrant leeches
  2 hornets
  A slime creature (Vaults:2)
  An air elemental (Elf:3)
  2 spriggans
  A naga (Snake:4)
  4 swamp worms
  8 swamp drakes
  A fire vortex (Depths:1)
  23 foxfires
  24 fungi
  41 plants
  34 starspawn tentacles
  2 withered plants (D:3)
211 creatures vanquished.

Grand Total: 2025 creatures vanquished

Notes
Turn   | Place    | Note
-------+----------+-------------------------------------------
     0 | Abyss:1  | FexLirch the Formicid Abyssal Knight began the quest for
                  | the Orb.
     0 | Abyss:1  | Reached XP level 1. HP: 18/18 MP: 2/2
    13 | Abyss:1  | Found a corrupted altar of Lugonu.
    69 | Abyss:1  | Noticed a smoke demon
    69 | Abyss:1  | Noticed a raiju
    70 | D:1      | Escaped the Abyss
   196 | D:1      | Reached ** piety under Lugonu
   273 | D:1      | Reached XP level 2. HP: 23/24 MP: 3/3
   837 | D:2      | Found a faded altar of an unknown god.
   838 | D:2      | Identified the +6 leather armour of the Other World {rCorr}
  1164 | D:2      | Reached XP level 3. HP: 29/29 MP: 5/5
  1229 | D:2      | Reached skill level 3 in Maces & Flails
  1279 | D:2      | Found a blossoming altar of Fedhas.
  1285 | D:2      | Identified the +2 leather armour "Arargh" {Contam rPois
                  | rC++}
  1337 | D:2      | You fall into a shaft and drop 1 floor!
  1760 | D:3      | Found an ancient bone altar of Kikubaaqudgha.
  1776 | D:3      | Found Qeryinn's Magic Scroll Emporium.
  1783 | D:3      | Reached XP level 4. HP: 35/35 MP: 6/6
  2005 | D:3      | Found a white marble altar of Elyvilon.
  2005 | D:3      | Found a faded altar of an unknown god.
  2013 | D:3      | Found a bloodstained altar of Trog.
  2015 | D:3      | Found a faded altar of an unknown god.
  2017 | D:3      | Found an ornate altar of the Wu Jian Council.
  2347 | D:4      | Found a burning altar of Makhleb.
  2354 | D:4      | Noticed a scorpion
  2389 | D:4      | Found a runed translucent gate.
  2390 | D:4      | Found a runed translucent gate.
  2391 | D:4      | Found a runed translucent gate.
  2391 | D:4      | Noticed fitz's ghost (amateur FoFi)
  2392 | D:4      | Noticed a kobold brigand
  2493 | D:4      | Found a shadowy altar of Dithmenos.
  2826 | D:4      | Noticed a scorpion
  2829 | D:4      | Reached *** piety under Lugonu
  3037 | D:5      | Entered Level 5 of the Dungeon
  3047 | D:5      | Reached skill level 4 in Maces & Flails
  3222 | D:5      | Noticed an ice beast
  3227 | D:4      | Reached XP level 5. HP: 35/41 MP: 7/7
  3388 | D:4      | Found a staircase to the Ecumenical Temple.
  3448 | D:4      | Found a radiant altar of Vehumet.
  3667 | D:4      | Reached XP level 6. HP: 24/47 MP: 7/9
  3780 | D:3      | Reached skill level 5 in Maces & Flails
  4367 | D:4      | Found an opulent altar of Gozag.
  4371 | D:4      | Found a glowing silver altar of Zin.
  4508 | D:5      | Killed an ice beast
  4509 | D:5      | Reached skill level 5 in Invocations
  4509 | D:5      | Reached XP level 7. HP: 52/52 MP: 10/10
  4609 | D:4      | Reached skill level 6 in Maces & Flails
  5027 | D:6      | Reached skill level 7 in Maces & Flails
  5027 | D:6      | Reached XP level 8. HP: 56/58 MP: 12/12
  5037 | D:6      | Reached **** piety under Lugonu
  5466 | D:5      | Reached skill level 8 in Maces & Flails
  5890 | D:5      | Reached XP level 9. HP: 54/64 MP: 14/14
  6251 | D:6      | Found a shimmering blue altar of Sif Muna.
  6321 | D:6      | Reached skill level 9 in Maces & Flails
  7160 | D:7      | Reached skill level 5 in Fighting
  7823 | D:8      | Reached skill level 10 in Maces & Flails
  8295 | D:8      | Reached XP level 10. HP: 47/77 MP: 16/16
  8514 | D:8      | Found a staircase to the Lair.
  8678 | D:8      | Reached skill level 11 in Maces & Flails
  8686 | D:8      | Reached ***** piety under Lugonu
  8841 | D:8      | Found a basalt altar of Yredelemnul.
  8928 | D:8      | Noticed a two-headed ogre
  8942 | D:8      | Killed a two-headed ogre
  9713 | D:9      | Reached skill level 10 in Invocations
  9900 | D:9      | Reached skill level 12 in Maces & Flails
  9900 | D:9      | Reached XP level 11. HP: 86/89 MP: 18/18
 10018 | D:9      | Reached skill level 10 in Fighting
 10179 | D:9      | Noticed Erolcha
 10185 | D:9      | Killed Erolcha
 10323 | D:9      | Noticed Maurice
 10330 | D:9      | Killed Maurice
 10404 | D:9      | Noticed Amaemon
 10415 | D:9      | Banished Amaemon
 10416 | D:9      | Reached skill level 1 in Throwing
 10504 | D:9      | Noticed a two-headed ogre
 10515 | D:9      | Killed a two-headed ogre
 10516 | D:9      | Reached skill level 13 in Maces & Flails
 11235 | D:10     | Entered Level 10 of the Dungeon
 11282 | D:10     | Noticed a two-headed ogre
 11350 | D:10     | Noticed a centaur warrior
 11357 | D:10     | Killed a centaur warrior
 11382 | D:10     | Noticed a deep elf pyromancer
 11387 | D:10     | Killed a deep elf pyromancer
 11388 | D:10     | Reached XP level 12. HP: 82/100 MP: 20/20
 11548 | D:10     | Upgraded the game from 0.29.1-14-g9c671dbff4 to
                  | 0.29.1-15-g9cfb28693d
 11597 | D:10     | Noticed a two-headed ogre
 11598 | D:10     | Banished a two-headed ogre
 11657 | D:10     | Found a staircase to the Orcish Mines.
 11843 | D:10     | Killed a two-headed ogre
 12064 | D:10     | Noticed a two-headed ogre
 12078 | D:10     | Killed a two-headed ogre
 12214 | D:10     | Found a hide-covered altar of Uskayaw.
 12326 | D:11     | Noticed a boulder beetle
 12333 | D:11     | Killed a boulder beetle
 12524 | D:11     | Reached skill level 5 in Armour
 12654 | D:11     | Noticed a four-headed hydra
 12665 | D:11     | Killed a four-headed hydra
 12666 | D:11     | Reached skill level 14 in Maces & Flails
 12911 | D:11     | Noticed a seven-headed hydra
 12912 | D:11     | Noticed a four-headed hydra
 12915 | D:11     | Banished a seven-headed hydra
 12934 | D:11     | Killed a four-headed hydra
 12961 | D:11     | Noticed a two-headed ogre
 12980 | D:11     | Killed a two-headed ogre
 13280 | D:11     | Noticed a centaur warrior
 13286 | D:11     | Killed a centaur warrior
 13351 | D:11     | Reached XP level 13. HP: 111/111 MP: 22/22
 13361 | D:11     | Noticed a five-headed hydra
 13372 | D:11     | Killed a five-headed hydra
 13658 | D:11     | Learned a level 1 spell: Apportation
 13805 | D:11     | Noticed a rakshasa
 13806 | D:11     | Found a runed translucent door.
 13806 | D:11     | Found a runed translucent door.
 13806 | D:11     | Noticed a boulder beetle
 13808 | D:11     | Found a runed translucent door.
 13809 | D:11     | Noticed an anaconda
 13809 | D:11     | a deep troll changed into an anaconda
 13812 | D:11     | Noticed a great orb of eyes
 13812 | D:11     | an anaconda changed into a great orb of eyes
 14157 | D:11     | Reached skill level 15 in Maces & Flails
 14283 | D:11     | Noticed a sphinx
 14382 | D:12     | Noticed a four-headed hydra
 14393 | D:12     | Killed a four-headed hydra
 15450 | D:13     | Noticed a boulder beetle
 15467 | D:13     | Killed a boulder beetle
 15528 | D:13     | Noticed a centaur warrior
 15529 | D:13     | Noticed a centaur warrior
 15535 | D:13     | Killed a centaur warrior
 15634 | D:13     | Noticed a five-headed hydra
 15639 | D:13     | Killed a five-headed hydra
 15661 | D:13     | Noticed Azrael
 15669 | D:13     | Reached skill level 15 in Fighting
 15669 | D:13     | Banished Azrael
 15670 | D:13     | Reached XP level 14. HP: 84/123 MP: 19/24
 16060 | Lair:1   | Entered Level 1 of the Lair of Beasts
 16076 | Lair:1   | Reached skill level 16 in Maces & Flails
 16800 | Lair:2   | Reached skill level 1 in Dodging
 16873 | Lair:2   | Identified the +1 leather armour of Somewhere Else {rCorr
                  | Dex+3}
 17024 | Lair:2   | Found a staircase to the Swamp.
 17621 | Lair:2   | Found a runed translucent door.
 17622 | Lair:2   | Noticed hawla's ghost (journeyman MeIE)
 17623 | Lair:2   | Identified the +4 trident of Destiny {protect, rPois rF-
                  | Int+2}
 17776 | D:3      | Bought 3 scrolls of fear for 168 gold pieces
 17776 | D:3      | Bought a scroll of fog for 56 gold pieces
 17776 | D:3      | Bought a scroll of summoning for 133 gold pieces
 18002 | D:4      | Killed fitz's ghost
 18228 | Lair:3   | Reached ****** piety under Lugonu
 18459 | Lair:3   | Identified 3 scrolls of acquirement
 18942 | Lair:3   | Found a staircase to the Snake Pit.
 19294 | Lair:3   | Acquired the +7 giant spiked club of Floods {vamp, rF++}
 19300 | Lair:3   | Acquired 1214 gold pieces
 20381 | Lair:4   | You fall into a shaft and drop 1 floor!
 20381 | Lair:5   | Entered Level 5 of the Lair of Beasts
 20396 | Lair:5   | Reached skill level 17 in Maces & Flails
 20624 | Lair:4   | Reached XP level 15. HP: 131/131 MP: 25/25
 21100 | Lair:5   | Found a staircase to the Slime Pits.
 21102 | Lair:5   | Found a viscous altar of Jiyva.
 21650 | Lair:5   | Reached skill level 15 in Invocations
 21847 | Lair:5   | Reached skill level 5 in Dodging
 22076 | Lair:5   | Reached skill level 18 in Maces & Flails
 22154 | Lair:5   | Identified the +2 robe "Caat Ham" {rCorr Int+6}
 22155 | Lair:5   | Identified the +11 shortbow of the Unseen Realm {vorpal,
                  | Dex+2 SInv}
 22369 | Orc:1    | Entered Level 1 of the Orcish Mines
 22554 | Orc:1    | Noticed an orc warlord
 22575 | D:10     | Banished an orc warlord
 22577 | D:10     | Reached skill level 1 in Ranged Weapons
 22870 | Orc:1    | Found Oruhue's CLEARANCE SALE!.
 22889 | Orc:1    | Bought a potion of heal wounds for 10 gold pieces
 22889 | Orc:1    | Bought a scroll of enchant armour for 15 gold pieces
 22944 | Orc:2    | Entered Level 2 of the Orcish Mines
 22944 | Orc:2    | Found a staircase to the Elven Halls.
 23017 | Orc:2    | Found a frozen archway.
 23036 | IceCv    | Entered an ice cave
 23085 | IceCv    | Reached XP level 16. HP: 140/140 MP: 27/27
 23404 | IceCv    | Noticed a frost giant
 23415 | IceCv    | Banished a frost giant
 24566 | Orc:2    | Found Cuit's Assorted Antiques.
 24569 | Orc:2    | Found Paoffinn's General Store.
 24570 | Orc:2    | Found Teotoqed's Weapon Emporium.
 24571 | Orc:2    | Found Kiecod's Magic Scroll Emporium.
 24597 | Orc:2    | Bought a potion of curing for 42 gold pieces
 24597 | Orc:2    | Bought a potion of heal wounds for 70 gold pieces
 24598 | Orc:2    | Acquired the +2 pair of gloves of the Endless Expanse
                  | {rPois rC+ Int+6 Slay+2}
 24822 | Swamp:1  | Entered Level 1 of the Swamp
 24830 | Swamp:1  | Corrupted Swamp:1
 24830 | Swamp:1  | Noticed a tentacled starspawn
 24830 | Swamp:1  | Noticed a tentacled starspawn
 24830 | Swamp:1  | Noticed a tentacled starspawn
 24830 | Swamp:1  | Noticed a tentacled starspawn
 25421 | Swamp:2  | Reached skill level 19 in Maces & Flails
 25617 | Swamp:2  | Noticed esper6's ghost (journeyman GnNe)
 25618 | Swamp:2  | Found a transporter.
 25618 | Swamp:2  | Noticed a thorn hunter
 25623 | Swamp:2  | Noticed a thorn hunter
 25634 | Swamp:2  | Found the +9 staff of Olgreb {rPois∞}
 25644 | Swamp:2  | Found a transporter.
 26294 | Swamp:3  | Reached XP level 17. HP: 148/148 MP: 29/29
 26901 | Swamp:4  | Entered Level 4 of the Swamp
 27013 | Swamp:4  | Noticed Nikola
 27094 | Swamp:4  | Corrupted Swamp:4
 27098 | Swamp:4  | Noticed a bone dragon
 27149 | Swamp:4  | Killed Nikola
 27160 | Swamp:4  | Acquired the +0 pair of boots of the Blind Marksman
                  | {Rampage Stlth+}
 27312 | Swamp:4  | Reached skill level 10 in Armour
 27399 | Swamp:4  | Noticed the 27-headed Lernaean hydra
 27450 | Swamp:4  | Killed the 27-headed Lernaean hydra
 27554 | Swamp:4  | Got a decaying rune of Zot
 27585 | Swamp:4  | Reached skill level 1 in Spellcasting
 27930 | Snake:1  | Entered Level 1 of the Snake Pit
 28732 | Snake:1  | Found Meenwuel's Weapon Emporium.
 28879 | Snake:1  | Reached skill level 1 in Translocations
 29360 | Snake:2  | Reached skill level 20 in Maces & Flails
 29516 | Snake:2  | Found Pyrut's Jewellery Shop.
 30322 | Snake:3  | Found Penleh's Jewellery Emporium.
 30484 | Snake:3  | Reached XP level 18. HP: 110/154 MP: 30/30
 30709 | Snake:4  | Entered Level 4 of the Snake Pit
 31060 | Snake:4  | Reached skill level 5 in Ranged Weapons
 31584 | Snake:4  | Noticed Bai Suzhen
 31774 | Snake:4  | Identified the +1 plate armour of Dice, Bag, and Bottle
                  | {Rampage rElec rN++ Dex-5}
 31904 | Snake:4  | Banished Bai Suzhen
 32217 | Snake:4  | Got a serpentine rune of Zot
 32325 | Snake:4  | Reached skill level 21 in Maces & Flails
 32411 | Snake:3  | HP: 4/158 [constriction (4)]
 32654 | Snake:4  | Reached XP level 19. HP: 148/165 MP: 30/32
 32729 | Snake:4  | Identified the +2 robe "Ceapataf" {rN+ Int+4 SInv}
 33199 | D:11     | Identified the ring "Yvuec" {+Blink EV+4 Str+3}
 33277 | D:11     | Identified the ring of the Mashing Gods {Fire rElec Slay+2}
 33314 | D:11     | Identified the ring of Dear {rElec rPois Will+}
 33320 | D:11     | Identified the ring of Kindness {rF+ SInv}
 33657 | D:13     | Found a gate to the Vaults.
 33719 | D:13     | Noticed Snorg
 33727 | D:13     | Killed Snorg
 34786 | D:14     | Found an ornate altar of the Wu Jian Council.
 34822 | D:15     | Entered Level 15 of the Dungeon
 35576 | D:15     | Noticed Nessos
 35593 | D:15     | Killed Nessos
 35827 | D:15     | Found a staircase to the Depths.
 36042 | Elf:1    | Entered Level 1 of the Elven Halls
 36232 | Elf:1    | Got Laaf's Codex of Allies
 36233 | Elf:1    | Identified the +8 short sword of Bauqou Vuud {vamp, +Blink
                  | rElec rPois Will-}
 36263 | Elf:1    | Reached XP level 20. HP: 96/174 MP: 33/33
 36561 | Elf:1    | Found Dacs's Weapon Shop.
 36569 | Elf:1    | Bought 5 javelins for 64 gold pieces
 36787 | Elf:2    | Reached skill level 22 in Maces & Flails
 36792 | Elf:2    | Identified the +3 leather armour of the Swamp {Fly rN+}
 36806 | Elf:2    | Found Syojo's Armour Shop.
 36871 | Elf:2    | Found Lofeusto's Book Boutique.
 36902 | Elf:3    | Entered Level 3 of the Elven Halls
 36973 | Elf:2    | Bought a book of Blood for 364 gold pieces
 36985 | Elf:2    | Learned a level 2 spell: Wereblood
 36988 | Elf:2    | Learned a level 2 spell: Sublimation of Blood
 36999 | Elf:2    | Found Jisubbae's Book Emporium.
 37044 | Elf:2    | Found a runed translucent gate.
 37045 | Elf:2    | Found a runed translucent gate.
 37045 | Elf:2    | Found a runed translucent gate.
 37124 | Elf:2    | Reached skill level 1 in Transmutations
 37125 | Elf:2    | Found Obeonepn's Antique Weapon Shop.
 37276 | Elf:2    | Found Matagosm's Distillery.
 37281 | Elf:2    | Bought 2 potions of might for 128 gold pieces
 37281 | Elf:2    | Bought a potion of curing for 48 gold pieces
 37281 | Elf:2    | Bought a potion of heal wounds for 80 gold pieces
 37281 | Elf:2    | Bought a potion of magic for 128 gold pieces
 37323 | Elf:3    | Identified the +4 quarterstaff "Ustroeniu" {drain, rPois
                  | rC++ Dex-2 Stlth+}
 38307 | Elf:3    | Found Eqehiedo's Assorted Antiques.
 38315 | Elf:3    | Found Iceti's Antique Weapon Shop.
 38414 | Elf:3    | Found Modetosy's General Store.
 38538 | Elf:3    | Found Anium's Distillery.
 38551 | Elf:3    | Bought a potion of curing for 48 gold pieces
 38551 | Elf:3    | Bought a potion of might for 64 gold pieces
 38551 | Elf:3    | Bought a potion of heal wounds for 80 gold pieces
 38551 | Elf:3    | Bought a potion of mutation for 128 gold pieces
 38570 | Elf:3    | Found Moqell's General Store.
 39108 | Elf:3    | Corrupted Elf:3
 39185 | Elf:3    | Found the +3 robe of Clouds {*Thunder rCloud rElec}
 39438 | Elf:3    | Noticed a Brimstone Fiend
 39478 | Elf:3    | Reached XP level 21. HP: 182/182 MP: 34/34
 39605 | Elf:3    | Identified the +2 chain mail of Dithmenos's Regard {rN+}
 39638 | Elf:3    | Identified the +6 rapier of Omaqen {freeze, rF++ rC+}
 39909 | Vaults:1 | Entered Level 1 of the Vaults
 40300 | Vaults:1 | Reached skill level 5 in Transmutations
 40935 | Vaults:1 | Reached skill level 23 in Maces & Flails
 42009 | Vaults:3 | Found a crumbling gateway.
 42021 | Desolati | Entered the Desolation of Salt
 42059 | Desolati | Reached skill level 10 in Ranged Weapons
 42150 | Desolati | Got the Tractate on Noxious Blasphemous Mysteries
 42174 | Desolati | Reached XP level 22. HP: 190/190 MP: 35/35
 42257 | Desolati | Found the +8 orange crystal plate armour {Archmagi, Int+3
                  | Clar}
 42284 | Desolati | Identified the +3 lajatang of Duxule {antimagic, Int+2}
 42477 | Desolati | Reached skill level 1 in Evocations
 43378 | Vaults:2 | Found a staircase to the Crypt.
 43579 | Vaults:2 | Found Zyankewa's Weapon Emporium.
 43870 | Vaults:3 | Reached skill level 15 in Armour
 44475 | Vaults:3 | Reached skill level 5 in Evocations
 44499 | Vaults:3 | Reached XP level 23. HP: 186/199 MP: 37/37
 45644 | Vaults:4 | Found a radiant altar of Vehumet.
 45650 | Vaults:4 | Found the +5 robe of Night {Dark Will+ SInv}
 45668 | Vaults:4 | Identified the +0 robe of Precision Catastrophes {Will+}
 45963 | Crypt:1  | Entered Level 1 of the Crypt
 46002 | Crypt:1  | Noticed Mennas
 46568 | Lair:2   | Killed hawla's ghost
 46690 | Swamp:2  | Killed esper6's ghost
 47028 | Depths:1 | Entered Level 1 of the Depths
 47141 | Depths:1 | Reached skill level 24 in Maces & Flails
 47702 | Depths:1 | Found a gateway to Hell.
 47852 | Depths:1 | Reached XP level 24. HP: 203/204 MP: 37/37
 47997 | Depths:1 | Found Dumuggif's Armour Shoppe.
 48140 | Depths:1 | Reached skill level 10 in Transmutations
 48910 | Depths:2 | Found a one-way gate leading to the halls of Pandemonium.
 49120 | Depths:2 | Noticed a golden dragon
 49171 | Depths:2 | Killed a golden dragon
 49542 | Depths:3 | You fall into a shaft and drop 1 floor!
 49542 | Depths:4 | Entered Level 4 of the Depths
 49569 | Depths:4 | Found a white marble altar of Elyvilon.
 49725 | Depths:4 | Noticed a juggernaut
 49756 | Depths:3 | Found a runed translucent door.
 49875 | Abyss:2  | Cast into level 2 of the Abyss (hell knight)
 49888 | Abyss:2  | Killed Bai Suzhen
 49920 | Depths:3 | Escaped the Abyss
 50016 | Depths:2 | Gained mutation: Your magical capacity is low. (-10% MP) [a
                  | shining eye]
 50171 | Depths:2 | Reached XP level 25. HP: 167/210 MP: 34/34
 50179 | Depths:2 | Found a one-way gateway to a ziggurat.
 50449 | Depths:3 | Found a one-way gate to the infinite horrors of the Abyss.
 50890 | Depths:3 | Reached skill level 10 in Evocations
 50914 | Depths:3 | Found a runed translucent door.
 50914 | Depths:3 | Noticed a shard shrike
 50914 | Depths:3 | Noticed a shard shrike
 50914 | Depths:3 | Noticed a shard shrike
 50914 | Depths:3 | Noticed a shard shrike
 50914 | Depths:3 | Noticed a shard shrike
 50917 | Depths:3 | Killed a shard shrike
 50921 | Depths:3 | Killed a shard shrike
 50927 | Depths:3 | Killed a shard shrike
 50934 | Depths:3 | Killed a shard shrike
 50936 | Depths:3 | Killed a shard shrike
 50998 | Depths:3 | Got Filekk's Precepts of Heat
 51000 | Depths:3 | Got the Almanac of the Welkin
 51002 | Depths:3 | Got the Book of the Rocks
 51005 | Depths:3 | Identified the ring of Ibbiot {Fire rCorr Int+3}
 51010 | Depths:3 | Got the Anthology of the Blizzard
 51187 | Depths:4 | Killed a juggernaut
 51937 | Depths:4 | Identified the +9 mace "Betuci" {vorpal, Int+7 Stlth+}
 51983 | Depths:4 | Reached XP level 26. HP: 186/226 MP: 34/34
 52008 | Depths:4 | Found a gate to the Realm of Zot.
 52127 | Depths:3 | Voluntarily entered the Abyss.
 52630 | Abyss:3  | Gained mutation: You have sharp toenails. [a cacodemon]
 52641 | Abyss:3  | Gained mutation: Your system is resistant to poisons.
                  | (rPois) [a cacodemon]
 52650 | Abyss:3  | Gained mutation: Armour fits poorly on your strangely
                  | shaped body. [a cacodemon]
 52681 | Abyss:3  | Reached skill level 25 in Maces & Flails
 52808 | Abyss:3  | Killed from afar by an eidolon

Illustrated notes

Levels and vault maps discovered:
D:1:      ebering_hopf_link, layout_basic
D:2:      layout_basic, basic_altar, basic_ecumenical_altar
D:3:      layout_loops_corners, chequers_temple_overflow_minitemple,
          kiku_gazebo_garden_becter, serial_shops, nicolae_square_shop,
          lightli_corner_chamber
D:4:      layout_loops_ring, grunt_temple_overflow_gold_and_silver,
          grunt_dithmenos_smoke_and_mirrors, vehumet_altar_wand_db,
          mainiacjoe_overflow_small_starburst, minmay_temple_entry_mini_moons,
          gammafunk_ghost_nasty_kobolds
D:5:      layout_cave_pools
D:6:      layout_loops_ring, mainiacjoe_overflow_tiny_flanked
D:7:      layout_rooms, serial_curves, eino_curves_03, eino_curves_01
D:8:      layout_basic, lemuel_zombie_altar_yredelemnul, david_lair_generic
D:9:      layout_loops_ring, nrook_uturn, grunt_ministairs_4, uniq_maurice,
          uniq_amaemon, uniq_erolcha
D:10:     layout_irregular_city, nicolae_uskayaw_dance_studio, erik_orc_3
D:11:     minmay_the_grid_triangle_9x9_recursive_3
          [minmay_the_grid_triangle_9x9_flanged_cone,
          minmay_the_grid_triangle_9x9_fully_insulated_deathbox,
          minmay_the_grid_triangle_9x9_corruption,
          minmay_the_grid_triangle_9x9_prize_special,
          minmay_the_grid_triangle_9x9_alien,
          minmay_the_grid_triangle_9x9_stretched_checkered,
          minmay_the_grid_triangle_9x9_empty,
          minmay_the_grid_triangle_9x9_zippers_vertical,
          minmay_the_grid_triangle_9x9_cache], layout_irregular_city
D:12:     layout_loops_corners
D:13:     layout_basic, skrybe_vaults_entry_preservation, serial_ice,
          serial_ice_f, serial_ice_k, serial_ice_n, serial_ice_c, serial_ice_o,
          serial_ice_h, serial_ice_e, uniq_snorg, uniq_azrael
D:14:     layout_loops_ring, pdpol_wu_jian_five_deadly_venoms
D:15:     grunt_enter_depths_magical_seal, layout_stronghold,
          hangedman_decor_growths, minmay_misc_feat_roman, uniq_nessos
Lair:1:   layout_concentric_octagons, disabler_island
Lair:2:   layout_regular_city, swamp_mist_pool, ebering_ghost_funeral_grove
Lair:3:   layout_layer_cave, guppyfry_snake_entry_garden, grunt_megastairs_3,
          infiniplex_staircase_pool
Lair:4:   layout_cave_pods, serial_bayou_crossing
Lair:5:   grunt_lair_end_beastmaster, layout_layer_cave,
          dpeg_slime_entry_corner, minmay_shattered_shrine, lemuel_fruit_tree
Swamp:1:  layout_falls_marsh, evilmike_swamp_ruin_house_4
Swamp:2:  layout_basic_swamp, gammafunk_ghost_arena,
          evilmike_swamp_ruin_house_2, swamp_pool4, kb_tengu_band
Swamp:3:  layout_basic_swamp, nicolae_swamp_triple_paths, swamp_pool1
Swamp:4:  grunt_swamp_rune_castle, layout_basic_swamp, swamp_pool2, uniq_nikola
Snake:1:  layout_chambers, minmay_shop_star
Snake:2:  layout_grid_maze, serial_shops, shop, special_room,
          statue_in_the_mist_lemuel
Snake:3:  layout_rooms, serial_shops, shop
Snake:4:  grunt_snake_rune_spirals, layout_onion_interference, uniq_bai_suzhen
Orc:1:    layout_diamond_mine, nicolae_shop_clearance
Orc:2:    st_orc_pillars, layout_diamond_mine, basic_altar,
          portal_ice_cave_entry_imps
Elf:1:    layout_rooms, serial_shops, nicolae_diamond_shop,
          minmay_elf_demonology, grunt_ministairs_9
Elf:2:    nicolae_elf_blades_crystal_corner, layout_loops_cross, serial_shops,
          nicolae_shop_competitors_out_of_business, nicolae_shop_waterfront,
          nicolae_square_shop, shop, shop_coins
Elf:3:    nooodl_elf_gasket, layout_loops_cross, serial_shops,
          nicolae_shop_hallway_stairs, nicolae_shop_advertising_works
          [nicolae_subvault_shop_adworks], nicolae_diamond_shop,
          nicolae_diamond_shop, nicolae_diamond_shop
Vaults:1: nicolae_vaults_alarming, vaults_room_octagon, ontoclasm_vaults_idyll,
          v_alt_pattern_4, nicolae_vaults_little_squares_1,
          vaults_dpeg_emergency_exit, st_more_cells, v_misc_5,
          hangedman_vaults_snaps, v_misc_18, vaults_mumra_hex,
          nicolae_vaults_rhombus_5, nicolae_vaults_mini_display_case,
          ontoclasm_vaults_decontamination, v_misc_19, layout_vaults_omnibox
Vaults:2: hangedman_vaults_maws, nicolae_vaults_network_star,
          minmay_crypt_entry_simple_sparse, vaults_room_corners,
          nicolae_vaults_windows_and_doors_thing, nicolae_vaults_what_the_h,
          v_misc_23, vaults_room_grid, vaults_dpeg_diagonal,
          nicolae_vaults_rhombus_5, layout_vaults_omnigrid, serial_shops, shop
Vaults:3: portal_desolation_entry_twin_temple, st_diamondy, v_rooms_3,
          nicolae_vaults_arrows, nicolae_vaults_gold_heap,
          hangedman_vaults_stagger, grunt_vaults_twisty, v_misc_12, v_misc_16,
          layout_vaults_omnicross
Vaults:4: hangedman_vaults_corner, v_rooms_6, v_misc_1, grunt_tower_of_power,
          dpeg_vaults_monster_box, vaults_dpeg_ring, v_misc_3,
          layout_vaults_big_room
Crypt:1:  layout_gridlike, uniq_frederick, uniq_grunn, uniq_mennas
Depths:1: layout_gridlike, serial_aquarium, aquarium_bridge_long_joined
          [aquarium_subvault_bridge, aquarium_subvault_wall,
          aquarium_subvault_window, aquarium_subvault_window,
          aquarium_subvault_bridge, aquarium_subvault_wall],
          aquarium_bridge_square [aquarium_subvault_window,
          aquarium_subvault_bridge, aquarium_subvault_balcony,
          aquarium_subvault_bridge], aquarium_window_corridor_3,
          aquarium_window_fake, aquarium_window_fake, aquarium_window_fake,
          aquarium_view_2d, aquarium_balcony_3a, grunt_hell_entry_dis_mu,
          dk_noncrumbling_3, nicolae_inconvenience_store,
          kennysheep_generic_room_7
Depths:2: minmay_blocking_statues, layout_honeycomb, enter_ziggurat_b,
          nicolae_hell_entry_hellmouth_sunbeams, rand_demon_pan_entry_1,
          minmay_misc_feat_diagonals, infiniplex_staircase_zigzag_4
Depths:3: mu_elemental_laboratory, layout_cross, pf_vacation_house_of_asmodeus,
          hangedman_abyss_entry_splay, kennysheep_generic_room_4
Depths:4: lemuel_castle_with_subvaults [lemuel_castle_interior_carwin_1],
          layout_cave_pools, nicolae_lava_and_water, hellmouth_1,
          elyvilon_altar_1
Abyss:3:  base: Vaults:5, hangedman_abyss_rune_macabre_mess,
          hangedman_abyss_rune_macabre_mess

Skill      XL: |  1  2  3  4  5  6  7  8  9 10 11 12 13 14 15 16 17 18 19 20 21 22 23 24 25 26 |
---------------+-------------------------------------------------------------------------------+-----
Maces & Flails | 3 4 5 7 8 10 12 13 14 15 17 18 19 20 21 22 23 24 25 | 25.0
Invocations    | 3 4 5 6 7 8 10 11 12 13 14 15 16 17 18 19 20 21 22 | 22.6
Fighting       | 6 9 11 13 15 16 17 18 19 20 21 22 | 22.7
Throwing       | 2 3 |  3.0
Armour         | 3 6 8 9 10 11 12 13 14 15 16 17 18 | 18.0
Dodging        | 3 5 6 7 |  7.0
Ranged Weapons | 1 4 6 7 9 10 | 10.1
Spellcasting   | 2 |  2.0
Translocations | 1 2 |  2.3
Transmutations | 4 6 8 9 11 12 | 12.8
Evocations     | 5 7 9 11 | 11.5

Action                   |  1- 3 |  4- 6 |  7- 9 | 10-12 | 13-15 | 16-18 | 19-21 | 22-24 | 25-27 || total
-------------------------+-------+-------+-------+-------+-------+-------+-------+-------+-------++-------
Melee: Mace              |    80 |   127 |   108 |       |       |       |       |       |       ||   315
       Punch             |       |     1 |       |       |       |       |       |       |       ||     1
       Flail             |       |       |    35 |       |       |       |       |       |       ||    35
       Giant club        |       |       |   202 |   353 |   417 |       |       |       |       ||   972
       Giant spiked club |       |       |       |       |   449 |   953 |  1159 |  1464 |   720 ||  4745
       Executioner's axe |       |       |       |       |       |       |     2 |       |       ||     2
       Staff             |       |       |       |       |       |       |       |       |     2 ||     2
 Fire: Shortbow          |       |       |       |     2 |    34 |   176 |    55 |     4 |    13 ||   284
       Arbalest          |       |       |       |     2 |     1 |       |       |       |       ||     3
Throw: Dart              |       |    16 |     9 |    22 |    18 |       |       |       |       ||    65
       Javelin           |       |       |       |     4 |     6 |       |     2 |       |     4 ||    16
 Cast: Apportation       |       |       |       |       |       |     1 |       |       |       ||     1
       Wereblood         |       |       |       |       |       |       |     1 |     8 |     8 ||    17
Invok: Depart the Abyss  |     1 |       |       |       |       |       |       |     1 |       ||     2
       Bend Space        |       |     5 |     1 |     2 |     6 |    11 |     8 |    11 |     2 ||    46
       Banish            |       |       |       |     4 |     5 |     9 |    12 |     4 |       ||    34
       Corrupt           |       |       |       |       |       |     2 |     1 |       |       ||     3
 Abil: Dig               |       |       |     1 |       |    12 |     6 |       |       |     1 ||    20
       Evoke the Staff o |       |       |       |       |       |       |       |       |     2 ||     2
Evoke: Wand              |       |       |       |    11 |       |     2 |     5 |     4 |       ||    22
  Use: Scroll            |       |     4 |     1 |     5 |     9 |     9 |     7 |     4 |       ||    39
       Potion            |       |       |       |       |       |     2 |     5 |     1 |     2 ||    10
 Stab: Sleeping          |     1 |     1 |     1 |     1 |       |     6 |       |       |       ||    10
       Paralysed         |       |       |       |     2 |       |       |       |       |       ||     2
       Petrified         |       |       |       |       |     6 |       |       |       |       ||     6
       Petrifying        |       |       |       |       |     1 |       |       |       |       ||     1
       Distracted        |       |       |       |       |       |     2 |       |       |     3 ||     5
Armor: Leather armour    |    51 |    62 |   158 |   161 |   357 |   385 |       |       |       ||  1174
       Plate armour      |       |       |       |       |       |    50 |   453 |    38 |       ||   541
       Crystal plate arm |       |       |       |       |       |       |       |   824 |   445 ||  1269
Dodge: Dodged            |    49 |    78 |   199 |   145 |   444 |   558 |   444 |   686 |   300 ||  2903
Block: Other             |       |    13 |    66 |    75 |     3 |       |    29 |       |       ||   186
       Reflection        |       |       |       |     2 |       |       |     8 |       |       ||    10
